 Dungeon Crawl Stone Soup version 0.31-a0-188-g5e087ee2ca (webtiles) character file.

Game seed: 3396227563470315345

56 qw the Shooter (level 3, 0/20 HPs)
             Began as a Deep Elf Hunter on June 23, 2023.
             Succumbed to an adder's poison
             ... on level 3 of the Dungeon.
             The game lasted 00:00:32 (1510 turns).

qw the Shooter (Deep Elf Hunter)                    Turns: 1510, Time: 00:00:33

Health: 0/20       AC:  6    Str: 14    XL:     3   Next: 69%
Magic:  5/5        EV: 10    Int: 13    God:
Gold:   64         SH:  0    Dex: 20    Spells: 2/2 levels left

rFire   . . .        Y - +0 shortbow
rCold   . . .        (shield currently unavailable)
rNeg    . . .        e - +0 scale mail
rPois   .            (no helmet)
rElec   .            (no cloak)
rCorr   .            (no gloves)
SInv    .            (no boots)
Will    .....        (no amulet)
Stlth   +            f - +6 ring of strength
HPRegen 0.23/turn    (no ring)
MPRegen 0.09/turn

%: no passive effects
@: lethally poisoned (0 -> -2)
A: no striking features
a: no special abilities


You were on level 3 of the Dungeon.
You visited 1 branch of the dungeon, and saw 3 of its levels.

You collected 64 gold pieces.


   Skills:
 - Level 1.5 Fighting
 + Level 7.2 Ranged Weapons
 - Level 2.4 Dodging
 - Level 1.2 Stealth


You had 2 spell levels left.
You didn't know any spells.
Your spell library was empty.

Inventory:

Hand Weapons
 Y - a +0 shortbow (weapon)
Armour
 e - a +0 scale mail (worn)
Jewellery
 f - a +6 ring of strength (left hand)

Dungeon Overview and Level Annotations

Branches:
Dungeon (3/15)

Altars:
Zin


Message History

The arrow hits the adder but does no damage.
You shoot an arrow. The arrow misses the adder.
You shoot an arrow. The arrow misses the adder.
The adder bites you but does no damage. The adder bites you.
You shoot an arrow. The arrow misses the adder.
The adder bites you but does no damage.
You shoot an arrow. The arrow completely misses the adder.
The adder bites you but does no damage. The adder closely misses you.
You shoot an arrow. The arrow barely misses the adder.
The adder bites you but does no damage. The adder bites you.
You are poisoned.
The adder poisons you!
You shoot an arrow. The arrow hits the adder!
The adder is severely wounded.
You feel very sick. The adder barely misses you.
You shoot an arrow.
The arrow hits the adder but does no damage.
The adder is severely wounded.
You feel sick. The adder barely misses you. x2
You shoot an arrow. The arrow barely misses the adder.
You feel sick. The adder bites you but does no damage.
The adder closely misses you.
You shoot an arrow. The arrow barely misses the adder.
You feel sick. The adder closely misses you.
You shoot an arrow. The arrow barely misses the adder.
You feel sick.
You are no longer poisoned.
The adder barely misses you. The adder bites you.
You are poisoned.
The adder poisons you!
You shoot an arrow. The arrow closely misses the adder.
You feel sick. The adder bites you. The adder completely misses you.
You shoot an arrow. The arrow closely misses the adder.
You hear the slow rusting of a very distant drain.
You feel sick. The adder closely misses you.
You shoot an arrow. The arrow closely misses the adder.
You feel sick. The adder bites you. The adder completely misses you.
You shoot an arrow. The arrow misses the adder.
You die...

# ########### ###
#.........# ..#
#.##.####.#
#.#####.##..###.##
#................##
#.###..###..#.#...########
..#......#).#.#.....).....
#.###..###..###...########
#.. .... .......@##
#.###..#.#..#.#.S# #..
#..#.#..#.#.## #.###..#
#..# #.# ........ ..# ..#.
##. ..# #. .# #.


You could see an adder.

Vanquished Creatures
  An adder (D:2)
  2 worms
  A bat (D:3)
  3 endoplasms
  2 goblins
  2 hobgoblins (D:1)
  11 jackals
  3 quokkas
  2 ball pythons (D:1)
  6 frilled lizards
  2 kobolds (D:1)
  2 rats (D:1)
37 creatures vanquished.

Notes
Turn   | Place    | Note
-------+----------+-------------------------------------------
     0 | D:1      | qw the Deep Elf Hunter began the quest for the Orb.
     0 | D:1      | Reached XP level 1. HP: 12/12 MP: 3/3
     0 | D:1      | 0 ||| qw: Version: 0.3-a-9-g12657ce
     0 | D:1      | 0 ||| qw: Game counter: 3335
     0 | D:1      | 0 ||| qw: Always use a shield: true
     0 | D:1      | 0 ||| qw: God list: Okawaru
     0 | D:1      | 0 ||| qw: Allow faded altars: false
     0 | D:1      | 0 ||| qw: Do Orc after D:15 true
     0 | D:1      | 0 ||| qw: Do second Lair branch before Depths: true
     0 | D:1      | 0 ||| qw: Lair rune preference: random
     0 | D:1      | 0 ||| qw: Plans: Normal
     0 | D:1      | 0 ||| PLANNING D:1-11
   133 | D:1      | Reached skill level 6 in Ranged Weapons
   133 | D:1      | Reached XP level 2. HP: 16/16 MP: 4/4
   573 | D:1      | 573 ||| UPGRADING to +0 scale mail.
   583 | D:1      | 583 ||| DROPPING +0 leather armour.
   584 | D:1      | 584 ||| UPGRADING to +6 ring of strength.
   585 | D:1      | 585 ||| READING scroll labelled ITIWUF LAAXUSE.
   586 | D:1      | 586 ||| READING scroll labelled WYMEYLESKU.
   587 | D:1      | 587 ||| READING scroll labelled ZIFOXEU REMISH.
   592 | D:1      | 592 ||| DROPPING scroll of butterflies.
   800 | D:2      | Reached XP level 3. HP: 20/20 MP: 5/5
  1043 | D:2      | Found a glowing silver altar of Zin.
  1154 | D:2      | Reached skill level 7 in Ranged Weapons
  1397 | D:2      | 1397 ||| READING scroll labelled BISUTU YSHRUGH.
  1417 | D:3      | 1417 ||| PLANNING SEWER
  1425 | D:3      | 1425 ||| FLEEEEING.
  1426 | D:3      | 1426 ||| STAIRDANCE
  1507 | D:3      | HP: 5/20 [adder (1)]
  1509 | D:3      | HP: 1/20 [adder (2)]
  1510 | D:3      | Succumbed to an adder's poison

Levels and vault maps discovered:
D:1:      dpeg_arrival_rooms_with_view, layout_rooms
D:2:      layout_basic, basic_altar
D:3:      layout_loops_ring, mainiacjoe_overflow_divided_tiny,
          gup_sewer_entry_bowl, minmay_misc_feat_nine_boxes, item_on_display_a

Skill      XL: |  1  2  3 |
---------------+----------+-----
Ranged Weapons | 6 7 |  7.2
Fighting       | |  1.5
Dodging        | |  2.4
Stealth        | |  1.2

Action                     || total
---------------------------++-------
   Fire: Shortbow          ||   134
    Use: Scroll            ||     4
 Armour: Leather armour    ||     8
         Scale mail        ||    19
  Dodge: Dodged            ||    46

Table legend:
 A = Non-vault XP
 B = Vault XP
 C = Vault XP percentage of total XP
 D = Non-vault monster count
 E = Vault monster count
 F = Vault count percentage of total count
                 A         B        C        D         E       F
            +---------+---------+-------+---------+---------+-------
      Total |      78 |       2 |   2.5 |      35 |       2 |   5.4
            +---------+---------+-------+---------+---------+-------
        D:1 |      32 |       2 |   5.9 |      20 |       2 |   9.1
        D:2 |      37 |       0 |   0.0 |      12 |       0 |   0.0
        D:3 |       9 |       0 |   0.0 |       3 |       0 |   0.0
            +---------+---------+-------+---------+---------+-------
